 Dungeon Crawl Stone Soup version 0.29.0-10-g45618ea6d2 (webtiles) character file.

Game seed: 16448702640640384687

526 gelatine the Poker (level 7, -14/73 HPs)
             Began as a Demonspawn Wanderer on Sept 1, 2022.
             Was an Elder of Uskayaw.
             Demolished by an ogre
             ... wielding a +0 giant spiked club
              (18 damage)
             ... on level 4 of the Dungeon.
             The game lasted 00:10:20 (3413 turns).

gelatine the Poker (Demonspawn Wanderer)            Turns: 3413, Time: 00:10:21

Health: -14/73     AC: 22    Str: 13    XL:     7   Next: 2%
Magic:  10/10      EV:  6    Int: 18    God:    Uskayaw [****..]
Gold:   176        SH:  0    Dex: 12    Spells: 9/10 levels left

rFire   . . .      SeeInvis .   u - +9 falchion "Okkorig" {vorpal, Int+3}
rCold   . . .      Faith    .   (no shield)
rNeg    . . .      Spirit   .   r - +3 plate armour "Edyiludy" {rPois}
rPois   +          Reflect  .   p - +2 helmet
rElec   .          Harm     .   e - +0 cloak
rCorr   .          Rampage  .   (no gloves)
Will    +....                   (no boots)
Stlth   ..........              (no amulet)
HPRegen 0.22/turn               q - +4 ring of protection
MPRegen 0.24/turn               z - ring of willpower

@: berserking, very quick
A: repulsion field 2, magic regeneration, demonic magic 1
a: Renounce Religion, Stomp, Line Pass


You were on level 4 of the Dungeon.
You worshipped Uskayaw.
Uskayaw was noncommittal.
You visited 1 branch of the dungeon, and saw 4 of its levels.

You collected 176 gold pieces.

Inventory:

Hand Weapons
 a - a +0 trident
 u - the +9 falchion "Okkorig" (weapon) {vorpal, Int+3}
   (You found it on level 3 of the Dungeon)

   It inflicts extra damage upon your enemies.
   Int:       It affects your intelligence (+3).
Missiles
 b - 3 boomerangs (quivered)
 n - 3 curare-tipped darts
Armour
 e - a +0 cloak (worn)
 p - a +2 helmet (worn)
 r - the +3 plate armour "Edyiludy" (worn) {rPois}
   (You found it on level 2 of the Dungeon)

   rPois:     It protects you from poison.
 s - the +0 robe "Obot" {Rampage rElec Dex+2}
   (You found it on level 2 of the Dungeon)

   Dex:       It affects your dexterity (+2).
   rElec:     It insulates you from electricity.
   Rampage:   It bestows one free step when moving towards enemies.
 y - a +0 kite shield
Jewellery
 q - a +4 ring of protection (left hand)
 z - a ring of willpower (right hand)
Scrolls
 g - a scroll of noise {unknown}
 i - 2 scrolls of fog {unknown}
 j - 3 scrolls of identify {unknown}
 k - 2 scrolls of summoning {unknown}
 l - 2 scrolls of enchant weapon {unknown}
 m - a scroll of poison {unknown}
 o - 2 scrolls of enchant armour {unknown}
 v - a scroll of blinking {unknown}
 x - a scroll of torment {unknown}
Potions
 c - 2 potions of attraction {unknown}
 d - a potion of brilliance
 t - a potion of degeneration {unknown}
 w - 2 potions of curing {unknown}


   Skills:
 * Level 1.7 Fighting
 * Level 1.8 Long Blades
 - Level 4.9 Polearms
 + Level 2.2 Throwing
 * Level 2.4 Armour
 * Level 2.2 Dodging
 + Level 1.5 Stealth
 * Level 2.2 Spellcasting
 * Level 1.6 Conjurations
 * Level 2.6 Fire Magic
 * Level 1.0 Invocations


You had 9 spell levels left.
You knew the following spells:

 Your Spells              Type           Power      Damage    Failure   Level
a - Foxfire               Conj/Fire      36%        2x1d5     100%        1

Your spell library contained the following spells:

 Spells                   Type           Power      Damage    Failure   Level
 Conjure Flame            Conj/Fire      9%         6-21      100%        3
 Ignite Poison            Fire/Tmut/Pois 5%         N/A       100%        3
 Mephitic Cloud           Conj/Pois/Air  4%         N/A       100%        3
 Hailstorm                Conj/Ice       5%         3d4       100%        4
 Ice Form                 Ice/Tmut       2%         N/A       100%        4
 Freezing Cloud           Conj/Ice/Air   2%         6-21      100%        5
 Simulacrum               Ice/Necr       1%         N/A       100%        6


Dungeon Overview and Level Annotations

Branches:
Dungeon (4/15)
 Temple: D:4-7

Altars:
Uskayaw


Innate Abilities, Weirdness & Mutations

You are surrounded by a moderate repulsion field. (EV +3)
You regenerate magic rapidly.
Spells you cast may paralyse adjacent enemies.


Message History

You kill the ball python!
The orc hits you but does no damage. x2
Uskayaw will force your foes to helplessly watch your dance.
Uskayaw prepares the audience for your solo!
An ogre comes into view. It is wielding a +0 giant spiked club.
The orc is no longer paralysed.
The orc hits you with a +0 trident!
* * * LOW HITPOINT WARNING * * *
Items here: ))) [ ††.
You slash the orc!
You kill the orc!
You slash the orc priest!
The orc priest is severely wounded.
You hear a howl!
A howler monkey comes into view.
The orc priest hits you but does no damage.
You barely miss the orc priest.
The orc priest is severely wounded.
The orc priest hits you with a +0 dagger.
* * * LOW HITPOINT WARNING * * *
You barely miss the orc priest.
The orc priest is severely wounded.
The howler monkey hoots and howls with incredible vigour!
The orc priest invokes the aid of Beogh against you.
Pain shoots through your body!
* * * LOW HITPOINT WARNING * * *
The howler monkey hits you but does no damage.
The orc priest hits you but does no damage.
You hear an angry growl.
You hear a shout! x3; You hear an angry hiss.
You hit the orc priest.
You kill the orc priest!
The howler monkey hits you.
* * * LOW HITPOINT WARNING * * *
Uskayaw will force your foes to share their pain.
Uskayaw links your audience in an emotional bond!
You have reached level 7!
A red film seems to cover your vision as you go berserk!
You feel yourself moving faster!
You feel mighty!
The howler monkey hits you but does no damage.
The ogre hits you with a +0 giant spiked club!!
You die...

...........#####........
.............#....## ...
..........#†......# .!..
........###......###....
.....#.. .#.......#....#
.......................#
.....................###
..........##.....##..#
.... ##.##@# #..# ....
#..hO# ..# #...... ...
#........ #..
........... ..........#.
..........#..
........... ..


You could see an ogre (pain bonded) and a howler monkey (pain bonded).

Vanquished Creatures
  Grinder (D:3)
  Blork the orc (D:4)
  3 orc priests (D:4)
  An iguana (D:4)
  Terence (D:3)
  5 adders
  2 worms (D:3)
  2 dart slugs (D:4)
  5 orcs
  7 ball pythons
  5 endoplasms
  2 giant cockroaches
  3 goblins
  5 hobgoblins
  4 jackals (D:4)
  3 quokkas
  6 bats
  2 frilled lizards
  3 kobolds
  6 rats
67 creatures vanquished.

Vanquished Creatures (others)
  36 foxfires
36 creatures vanquished.

Grand Total: 103 creatures vanquished

Notes
Turn   | Place    | Note
-------+----------+-------------------------------------------
     0 | D:1      | gelatine the Demonspawn Wanderer began the quest for the
                  | Orb.
     0 | D:1      | gelatine set off with the following items: a +0 trident, 6
                  | boomerangs, a +0 dagger, a potion of brilliance, a +0 robe;
                  | and the following spell memorised: Foxfire; and the
                  | following spells available to memorise: Conjure Flame.
     0 | D:1      | Reached XP level 1. HP: 13/13 MP: 2/2
   672 | D:1      | Found a faded altar of an unknown god.
   679 | D:1      | Prayed at the altar of an unknown god.
   679 | D:1      | Became a worshipper of Uskayaw the Reveller
   679 | D:1      | Reached * piety under Uskayaw
   711 | D:1      | Gained mutation: You are surrounded by a mild repulsion
                  | field. (EV +2) [demonic ancestry]
   711 | D:1      | Reached XP level 2. HP: 16/19 MP: 0/3
  1095 | D:2      | Reached ** piety under Uskayaw
  1392 | D:2      | Identified the +3 plate armour "Edyiludy" {rPois}
  1506 | D:2      | Reached skill level 1 in Armour
  1715 | D:2      | Gained mutation: You are surrounded by a moderate repulsion
                  | field. (EV +3) [demonic ancestry]
  1715 | D:2      | Reached XP level 3. HP: 24/24 MP: 4/4
  1879 | D:2      | Identified the +0 robe "Obot" {Rampage rElec Dex+2}
  2397 | D:3      | Noticed Grinder
  2432 | D:3      | Paralysed by Grinder for 3 turns
  2438 | D:3      | Paralysed by Grinder for 3 turns
  2453 | D:3      | Killed Grinder
  2454 | D:3      | Reached skill level 1 in Fighting
  2454 | D:3      | Reached skill level 1 in Stealth
  2454 | D:3      | Reached skill level 1 in Conjurations
  2454 | D:3      | Gained mutation: You regenerate magic rapidly. [demonic
                  | ancestry]
  2454 | D:3      | Reached XP level 4. HP: 15/32 MP: 5/7
  2454 | D:3      | Gained mutation: Spells you cast may paralyse adjacent
                  | enemies. [demonic ancestry]
  2454 | D:3      | Reached XP level 5. HP: 18/37 MP: 5/8
  2676 | D:3      | Identified the +9 falchion "Okkorig" {vorpal, Int+3}
  2760 | D:3      | Noticed Terence
  2767 | D:3      | Killed Terence
  2768 | D:3      | Reached XP level 6. HP: 40/41 MP: 9/9
  2770 | D:3      | Reached *** piety under Uskayaw
  3222 | D:4      | Noticed Blork the orc
  3232 | D:4      | Killed Blork the orc
  3234 | D:4      | Reached **** piety under Uskayaw
  3235 | D:4      | Reached skill level 1 in Long Blades
  3401 | D:4      | Reached skill level 1 in Invocations
  3412 | D:4      | HP: 2/44 [howler monkey (1)]
  3413 | D:4      | Reached XP level 7. HP: 2/49 MP: 10/10
  3413 | D:4      | Demolished by an ogre

Illustrated notes

Levels and vault maps discovered:
D:1:      psy_arrival_wood_between_worlds, layout_loops_ring,
          ebering_ecumenical_altar_petrified, dk_noncrumbling_2,
          minmay_tree_intersection
D:2:      mumra_celtic_spiral_tile, layout_rooms
D:3:      layout_basic, lemuel_tele_altar, uniq_terence, uniq_grinder
D:4:      layout_cave_pools, nicolae_uskayaw_dance_hall, uniq_blork_the_orc

Skill      XL: |  1  2  3  4  5  6 |
---------------+-------------------+-----
Armour         | 1 2 |  2.4
Fire Magic     | 2 |  2.6
Fighting       | 1 |  1.7
Throwing       | 2 |  2.2
Stealth        | 1 |  1.5
Spellcasting   | 2 |  2.2
Conjurations   | 1 |  1.6
Dodging        | 2 |  2.2
Long Blades    | 1 |  1.8
Invocations    | 1 |  1.0
Polearms       | |  4.9

Action                   |  1- 3 |  4- 6 |  7- 9 || total
-------------------------+-------+-------+-------++-------
Melee: Trident           |    95 |     5 |       ||   100
       Punch             |     2 |       |       ||     2
       Falchion          |       |    57 |       ||    57
Throw: Boomerang         |    44 |    21 |       ||    65
 Cast: Foxfire           |    24 |       |       ||    24
Invok: Stomp             |       |     1 |       ||     1
  Use: Potion            |     1 |     2 |     1 ||     4
 Stab: Paralysed         |       |     1 |       ||     1
Armor: Robe              |     4 |       |       ||     4
       Plate armour      |    88 |    63 |     1 ||   152
       Skin              |     2 |       |       ||     2
Dodge: Dodged            |    37 |    19 |       ||    56
